 Dungeon Crawl Stone Soup version 0.25.0-8-gfd19cd77bd (webtiles) character file.

Game seed: 13143103225582874020

689 Delamore the Basher (level 7, -4/41 HPs)
             Began as a Gargoyle Fighter on June 16, 2020.
             Was a Follower of Okawaru.
             Slain by Prince Ribbit (10 damage)
             ... on level 4 of the Dungeon.
             The game lasted 00:04:07 (3722 turns).

Delamore the Basher (Gargoyle Fighter)              Turns: 3722, Time: 00:04:07

Health: -4/41      AC: 13    Str: 22    XL:     7   Next: 63%
Magic:  7/7        EV:  7    Int:  8    God:    Okawaru [*.....]
Gold:   196        SH:  0    Dex:  9    Spells: 6/6 levels left

rFire    . . .     SeeInvis .   t - +2 flail (holy)
rCold    . . .     Gourm    .   c - +0 kite shield
rNeg     + . .     Faith    .   b - +0 scale mail
rPois    ∞         Spirit   .   g - +0 helmet
rElec    +         Reflect  .   p - +0 cloak
rCorr    .         Harm     .   (no gloves)
MR       .....                  (no boots)
Stlth    ..........             j - amulet of regeneration
HPRegen  0.53/turn              (no ring)
MPRegen  0.10/turn              (no ring)

@: confused, brilliant, stab
A: negative energy resistance 1, electricity resistance, unbreathing,
petrification resistance, rot immunity, AC +4
a: Heroism, Renounce Religion


You were on level 4 of the Dungeon.
You worshipped Okawaru.
Okawaru was aware of your devotion.
You were not hungry.

You visited 1 branch of the dungeon, and saw 5 of its levels.

You collected 196 gold pieces.

Inventory:

Hand Weapons
 a - a +0 flail
 t - a +2 flail of holy wrath (weapon)
Armour
 b - a +0 scale mail (worn)
 c - a +0 kite shield (worn)
 g - a +0 helmet (worn)
 p - a +0 cloak (worn)
Jewellery
 j - an amulet of regeneration (around neck)
 s - an uncursed ring of fire
 x - an uncursed amulet of magic regeneration {unknown}
 z - an uncursed ring of fire
Wands
 o - a wand of digging (6)
Scrolls
 l - 5 scrolls of identify
 m - a scroll of remove curse
 r - a scroll of fog {unknown}
 w - a scroll of amnesia
 y - a scroll of noise {unknown}
Potions
 d - 2 potions of might
 h - a potion of stabbing
 i - a potion of mutation {unknown}
 k - 2 potions of curing
 n - a potion of ambrosia
 q - a potion of degeneration {unknown}
 u - a potion of lignification {unknown}
 v - a potion of haste {unknown}
Comestibles
 f - 7 rations
 A - a chunk of flesh


   Skills:
 - Level 3.2 Fighting
 + Level 8.4 Maces & Flails
 - Level 3.2 Armour
 - Level 3.2 Shields


You had 6 spell levels left.
You didn't know any spells.
Your spell library was empty.

Dungeon Overview and Level Annotations

Branches:
Dungeon (5/15)
 Temple: D:4-7

Altars:
Cheibriados
Dithmenos
Makhleb
Okawaru
Sif Muna
Trog
Wu Jian
Zin
The Shining One

Annotations:
D:4 2 transporters, Prince Ribbit; iamserjio's ghost, amateur GnIE


Innate Abilities, Weirdness & Mutations

You are resistant to torment.
Your stone body is resilient. (AC +4)
You are immune to poison.
You resist negative energy. (rN+)
You are resistant to electric shocks. (rElec)
You can survive without breathing.
You are immune to petrification.
You are immune to rotting.


Message History

You block Prince Ribbit's attack.
It was a potion of stabbing.
You feel ready to backstab. You block the jackal's attack.
Prince Ribbit catches a moth with his tongue.
Prince Ribbit hits you.
* * * LOW HITPOINT WARNING * * *
It was a potion of ambrosia.
You are confused.
You feel invigorated.
The jackal bites you but does no damage.
Prince Ribbit hits you!
* * * LOW HITPOINT WARNING * * *
It was a potion of brilliance.
You feel clever all of a sudden. The jackal closely misses you.
Prince Ribbit hits you but does no damage.
The jackal bites you but does no damage.
Prince Ribbit hits you!
You die...

##.# #.........# #.# #.#
##.# #..####.#.###.###.#
.#.# #..# #.#.###_..'.##
#..# #..# #.#.###.###..#
.##########.)# #.#.# #.#
#..# .............#
#...###+###..#
.###########.#
###..........# ##
#.######.####.....#
############...h@##.#
#.#####
##..........####F##.####.#
##.########.# #S##......#
##.# #.# #.######..# ##.#
#.# #.# #..# ##.#
#####.####.# ###..# ##)#
#..........####....# ##.#
#.###.###..........# ##.#
#.##...###.####.#..#


You could see Prince Ribbit, an adder and a jackal.

Vanquished Creatures
  Menkaure (D:5)
  A scorpion (D:5)
  A centaur zombie (D:5)
  A quasit (D:3)
  2 orc wizards (D:4)
  3 orc priests
  A hound (D:4)
  3 worker ants
  4 gnolls
  8 adders
  An adder skeleton (D:5)
  A worm (D:2)
  A dart slug (D:1)
  4 leopard geckos
  7 orcs
  2 ball pythons
  2 giant cockroaches
  10 goblins
  11 hobgoblins
  7 jackals
  8 kobolds
  2 quokkas
  4 bats
  3 frilled lizards
  9 rats
97 creatures vanquished.

Notes
Turn   | Place    | Note
-------+----------+-------------------------------------------
     0 | D:1      | Delamore the Gargoyle Fighter began the quest for the Orb.
     0 | D:1      | Reached XP level 1. HP: 14/14 MP: 1/1
   199 | D:1      | Reached XP level 2. HP: 16/19 MP: 2/2
   298 | D:1      | Reached skill level 3 in Maces & Flails
   591 | D:1      | Reached XP level 3. HP: 21/23 MP: 3/3
  1044 | D:2      | Reached skill level 4 in Maces & Flails
  1124 | D:2      | Reached XP level 4. HP: 28/28 MP: 4/4
  1288 | D:2      | Found a bloodstained altar of Trog.
  1289 | D:2      | Found an ornate altar of the Wu Jian Council.
  1313 | D:2      | Found a shadowy altar of Dithmenos.
  2083 | D:2      | Reached skill level 5 in Maces & Flails
  2083 | D:2      | Reached XP level 5. HP: 29/32 MP: 5/5
  2466 | D:3      | Reached skill level 6 in Maces & Flails
  2466 | D:3      | Reached XP level 6. HP: 29/37 MP: 6/6
  2975 | D:4      | Reached skill level 7 in Maces & Flails
  3028 | D:4      | Found a burning altar of Makhleb.
  3119 | D:4      | Found a snail-covered altar of Cheibriados.
  3169 | D:4      | Found a glowing golden altar of the Shining One.
  3169 | D:4      | Found a shimmering blue altar of Sif Muna.
  3169 | D:4      | Found a glowing silver altar of Zin.
  3170 | D:4      | Found an iron altar of Okawaru.
  3182 | D:4      | Became a worshipper of Warmaster Okawaru
  3192 | D:4      | Found a transporter.
  3192 | D:4      | Identified the cursed +2 great mace "Xaqi" {vorpal, +Rage}
  3194 | D:4      | Found a transporter.
  3194 | D:4      | Noticed iamserjio's ghost (amateur GnIE)
  3494 | D:5      | Entered Level 5 of the Dungeon
  3494 | D:5      | Noticed Menkaure
  3502 | D:5      | Reached XP level 7. HP: 34/41 MP: 7/7
  3508 | D:5      | Killed Menkaure
  3508 | D:5      | Reached skill level 8 in Maces & Flails
  3636 | D:5      | Reached * piety under Okawaru
  3702 | D:5      | Noticed Prince Ribbit
  3716 | D:5      | HP: 2/41 [Prince Ribbit (3)]
  3721 | D:4      | HP: 2/41 [Prince Ribbit (11)]
  3722 | D:4      | Slain by Prince Ribbit

Illustrated notes

Levels and vault maps discovered:
D:1:      saegor_arrival_simple_d, layout_loops_ring
D:2:      layout_loops_cross, nicolae_overflow_hidden_temple,
          minmay_stone_trees_medium
D:3:      layout_rooms, first_ration, grunt_decor_fettered
D:4:      layout_loops_ring, chequers_temple_overflow_statue_of_worship,
          old_standard_altar, lemuel_doored_altar, gammafunk_ghost_smash,
          minmay_misc_feat_square
D:5:      layout_rooms, minmay_manual_mail, uniq_menkaure, uniq_prince_ribbit1

Skill      XL: |  1  2  3  4  5  6  7 |
---------------+----------------------+-----
Maces & Flails | 3 4 5 6 7 8 |  8.4
Fighting       | |  3.2
Armour         | |  3.2
Shields        | |  3.2

Action                   |  1- 3 |  4- 6 |  7- 9 || total
-------------------------+-------+-------+-------++-------
Melee: Flail             |   120 |   281 |    37 ||   438
  Use: Scroll            |       |     2 |       ||     2
       Potion            |       |       |     4 ||     4
  Eat: Chunk             |     1 |     8 |     1 ||    10
Armor: Scale mail        |    68 |   284 |    22 ||   374
Dodge: Dodged            |    32 |   143 |    20 ||   195
Block: Kite shield       |    60 |   203 |    25 ||   288
